Match 47123840
Unlisted

Match 47123840
End
Pioneer Squad
Construct Infanterie Kompanie
Selects Terror Battlegroup
Selects Machine Gun Camouflage
Grenadier Squad
MG 42 Machine Gun Team
MG 42 Machine Gun Team
Grenadier Squad
Infanterie Officer Quarters
Grenadier Squad
Construct Panzergrenadier Kompanie
Pak 40 Anti-tank Gun Team
Pioneer Squad
251 Medium Carrier
Panzergrenadier Squad
Panzergrenadier Officer Quarters
Selects No Quarter
Support Elements
StuG III G Assault Gun
251 Medium Carrier
StuG III G Assault Gun
MG 42 Machine Gun Team
Nebelwerfer 42 Rocket Launcher Team
StuG III G Assault Gun
StuG III G Assault Gun
Selects King Tiger Heavy Tank
VVarMachine
Norokozh
peace
A Quick Workaround
ValiantHawk
TacticalVanguard
Konrad Curze
FLOKL
0
0

Comments sign in to comment!

No comments posted yet!